Sharks vs Sabres

Created - December 17 2007 at 19:10

Goals
1 2 3 T
Sharks 1 0 1 2
Sabres 1 1 3 5
Shots
1 2 3 T
Sharks 5 8 4 17
Sabres 11 8 17 36

Period #1

1. Sharks , Joe Thornton 13 (Pavel Datsyuk, Stu Barnes) at 4:32
2. Sabres , Milan Hejduk 17 (Henrik Zetterberg, Daniel Briere) at 12:20 (PP)

Penalties :
Corey Perry (SJS) for Tripping (Minor) at 10:47, Johan Franzen (BUF) for Hooking (Minor) at 13:00, Tomas Plekanec (SJS) for Hooking (Minor) at 15:49, Johan Franzen (BUF) for Hooking (Minor) at 17:59

Period #2

3. Sabres , Chris Drury 10 (John-Michael Liles, Thomas Vanek) at 1:18 (PP)

Penalties :
Marc-Edouard Vlasic (SJS) for Cross-checking (Minor) at 0:34, Danny Markov (BUF) for Boarding (Minor) at 6:37, Daniel Briere (BUF) for Interference (Minor) at 6:48, Jonathan Cheechoo (SJS) for Tripping (Minor) at 10:42, Thomas Vanek (BUF) for Roughing (Minor) at 19:56

Period #3

4. Sharks , Jonathan Cheechoo 21 (Teppo Numminen, Stu Barnes) at 1:11 (PP)
5. Sabres , Milan Hejduk 18 (Rob Blake, Daniel Briere) at 8:30 (PP)
6. Sabres , Nathan Horton 10 (Chris Drury, John-Michael Liles) at 9:32
7. Sabres , Nathan Horton 11 (Thomas Vanek, Chris Drury) at 14:02

Penalties :
Corey Perry (SJS) for Holding (Minor) at 4:32, Nik Antropov (SJS) for Hooking (Minor) at 6:42, Mark Streit (SJS) for High sticking (Minor) at 17:05

Goalie Stats

Rick Dipietro (SJS), 31 saves from 36 shots - (0.861), L, 17-12-5, 60:00 minutes
Ryan Miller (BUF), 15 saves from 17 shots - (0.882), W, 18-12-4, 60:00 minutes

Players Stats

Sharks
Player Name              G  A  P  +/- PIM S  H  SB FO MP 
-----------------------------------------------------------
Barret Jackman           0  0  0   0  0   1  1  1  0  23 
Corey Perry              0  0  0  -1  4   0  2  1  9  23 
Joe Thornton             1  0  1   1  0   1  0  0  3  11 
Jonathan Cheechoo        1  0  1  -1  2   3  1  0  4  19 
Kyle Mclaren             0  0  0   0  0   2  3  0  0  23 
Marc-Edouard Vlasic      0  0  0  -2  2   1  1  2  0  26 
Mark Streit              0  0  0  -2  2   0  1  1  0  24 
Markus Naslund           0  0  0   0  0   0  1  0  0  2  
Martin Havlat            0  0  0   0  0   0  0  0  0  0  
Milan Michalek           0  0  0   1  0   4  1  0  2  23 
Nik Antropov             0  0  0   0  2   1  1  0  21 22 
Pavel Datsyuk            0  1  1   1  0   1  0  0  0  4  
Sheldon Souray           0  0  0   0  0   0  0  0  0  3  
Steve Bernier            0  0  0  -2  0   0  2  0  22 24 
Stu Barnes               0  2  2   1  0   1  1  0  1  23 
Teppo Numminen           0  1  1   1  0   1  2  0  0  19 
Tomas Plekanec           0  0  0  -1  2   1  1  0  21 17 
Ville Peltonen           0  0  0  -1  0   0  1  1  1  19 
Sabres
Player Name              G  A  P  +/- PIM S  H  SB FO MP 
-----------------------------------------------------------
Brian Campbell           0  0  0   0  0   0  0  0  0  24 
Chris Drury              1  2  3   2  0   2  0  0  25 23 
Daniel Briere            0  2  2   0  2   4  2  0  20 19 
Danny Markov             0  0  0  -1  2   0  0  0  0  16 
Derek Roy                0  0  0  -1  0   3  1  0  14 15 
Dmitri Kalinin           0  0  0   2  0   0  1  2  0  23 
Doug Weight              0  0  0   0  0   0  1  0  8  6  
Henrik Zetterberg        0  1  1   0  0   2  1  0  7  20 
Jochen Hecht             0  0  0  -1  0   1  0  0  2  15 
Johan Franzen            0  0  0  -1  4   3  2  1  0  15 
John-Michael Liles       0  2  2   2  0   3  0  1  0  23 
Michael Ryder            0  0  0   0  0   3  1  0  1  6  
Milan Hejduk             2  0  2   0  0   5  2  0  4  19 
Nathan Horton            2  0  2   2  0   4  2  0  1  19 
Paul Gaustad             0  0  0   0  0   1  0  0  0  6  
Rob Blake                0  1  1   0  0   1  2  2  0  24 
Thomas Vanek             0  2  2   2  2   4  1  0  2  19 
Toni Lydman              0  0  0  -1  0   0  1  2  0  17 

3 Stars

1 - Nathan Horton (BUF)
2 - Chris Drury (BUF)
3 - Milan Hejduk (BUF)

Power Play

Sharks - 1 on 5 Attempt(s) - 20.00%
Sabres - 3 on 7 Attempt(s) - 42.86%

Penalty Kill

Sharks - 4 on 7 Attempt(s) - 57.14% - Score 0 goal in Penalty Kill
Sabres - 4 on 5 Attempt(s) - 80.00% - Score 0 goal in Penalty Kill

Game Notes

No Game Note

Finance

Level 1 -- Attendance: 5644 (94.06%) -- Ticket Income $507,960.00
Level 2 -- Attendance: 4555 (91.09%) -- Ticket Income $250,525.00
Level 3 -- Attendance: 1487 (74.34%) -- Ticket Income $52,045.00
Level 4 -- Attendance: 2382 (59.54%) -- Ticket Income $59,550.00
Luxury Box -- Attendance: 799 (79.91%) -- Ticket Income $151,810.00
Game was played at the HSBC Arena
Total Attendance: 14867 (80.36%)
Total Ticket Income: $1,079,196.00
Other Income: $159,191.70
Total Income: $1,238,388.00


Play by Play

Period #1

0:01 of 1st period - Steve Bernier wins face-off versus Daniel Briere in neutral zone.
0:38 of 1st period - Shot by Jonathan Cheechoo.
0:38 of 1st period - Shot Hit the Post.
1:17 of 1st period - Nathan Horton is hit by Kyle Mclaren and loses puck.
2:30 of 1st period - Shot by Derek Roy.
2:30 of 1st period - Deflect By Jochen Hecht.
2:30 of 1st period - Shot Misses the Net.
2:34 of 1st period - Shot by Johan Franzen.
2:34 of 1st period - Stopped by Rick Dipietro without a rebound.
2:35 of 1st period - Doug Weight wins face-off versus Steve Bernier in Sharks zone.
2:38 of 1st period - Shot by Michael Ryder.
2:38 of 1st period - Stopped by Rick Dipietro without a rebound.
2:39 of 1st period - Doug Weight wins face-off versus Steve Bernier in Sharks zone.
2:39 of 1st period - Doug Weight is hit by Mark Streit.
3:32 of 1st period - Icing by Nathan Horton.
3:33 of 1st period - Chris Drury wins face-off versus Tomas Plekanec in Sabres zone.
3:37 of 1st period - Off-side.
3:38 of 1st period - Derek Roy wins face-off versus Jonathan Cheechoo in neutral zone.
4:04 of 1st period - Shot by Tomas Plekanec.
4:04 of 1st period - Shot Misses the Net.
4:06 of 1st period - Shot by Marc-Edouard Vlasic.
4:06 of 1st period - Shot Blocked by Toni Lydman.
4:28 of 1st period - Shot by Joe Thornton.
4:28 of 1st period - Shot Blocked by Toni Lydman.
4:30 of 1st period - Shot by Stu Barnes.
4:30 of 1st period - Deflect By Joe Thornton.
4:30 of 1st period - Shot Misses the Net.
4:32 of 1st period - Shot by Pavel Datsyuk.
4:32 of 1st period - Deflect By Joe Thornton.
4:32 of 1st period - Goal by Joe Thornton - Sharks : 1 - Sabres : 0.
4:33 of 1st period - Chris Drury wins face-off versus Tomas Plekanec in neutral zone.
4:58 of 1st period - Shot by Thomas Vanek.
4:58 of 1st period - Stopped by Rick Dipietro without a rebound.
4:59 of 1st period - Nik Antropov wins face-off versus Daniel Briere in Sharks zone.
5:04 of 1st period - Daniel Briere is hit by Nik Antropov and loses puck.
5:41 of 1st period - Shot by Milan Hejduk.
5:41 of 1st period - Stopped by Rick Dipietro without a rebound.
5:42 of 1st period - Chris Drury wins face-off versus Steve Bernier in Sharks zone.
5:43 of 1st period - Shot by Thomas Vanek.
5:43 of 1st period - Shot Misses the Net.
5:45 of 1st period - Shot by Nathan Horton.
5:45 of 1st period - Shot Blocked by Corey Perry.
5:47 of 1st period - Shot by Thomas Vanek.
5:47 of 1st period - Shot Misses the Net.
5:49 of 1st period - Shot by Dmitri Kalinin.
5:49 of 1st period - Shot Misses the Net.
5:51 of 1st period - Shot by Dmitri Kalinin.
5:51 of 1st period - Shot Blocked by Marc-Edouard Vlasic.
5:53 of 1st period - Shot by John-Michael Liles.
5:53 of 1st period - Stopped by Rick Dipietro without a rebound.
5:54 of 1st period - Steve Bernier wins face-off versus Derek Roy in Sharks zone.
5:59 of 1st period - Johan Franzen is hit by Steve Bernier and loses puck.
6:22 of 1st period - Shot by Ville Peltonen.
6:22 of 1st period - Deflect By Tomas Plekanec.
6:22 of 1st period - Stopped by Ryan Miller without a rebound.
6:23 of 1st period - Joe Thornton wins face-off versus Chris Drury in Sabres zone.
6:30 of 1st period - Shot by Pavel Datsyuk.
6:30 of 1st period - Shot Blocked by Dmitri Kalinin.
6:54 of 1st period - Shot by Chris Drury.
6:54 of 1st period - Shot Misses the Net.
6:56 of 1st period - Shot by Chris Drury.
6:56 of 1st period - Shot Misses the Net.
7:36 of 1st period - Shot by Milan Michalek.
7:36 of 1st period - Stopped by Ryan Miller without a rebound.
7:37 of 1st period - Daniel Briere wins face-off versus Tomas Plekanec in Sabres zone.
7:58 of 1st period - Milan Hejduk is hit by Steve Bernier and loses puck.
9:46 of 1st period - Icing by Kyle Mclaren.
9:47 of 1st period - Nik Antropov wins face-off versus Chris Drury in Sharks zone.
10:19 of 1st period - Chris Drury is hit by Teppo Numminen and loses puck.
10:30 of 1st period - Shot by Pavel Datsyuk.
10:30 of 1st period - Shot Blocked by John-Michael Liles.
10:41 of 1st period - John-Michael Liles is hit by Corey Perry and loses puck.
10:47 of 1st period - Minor Penalty to Corey Perry for Tripping.
10:48 of 1st period - Milan Hejduk wins face-off versus Tomas Plekanec in Sabres zone.
12:01 of 1st period - Teppo Numminen is hit by Thomas Vanek and loses puck.
12:20 of 1st period - Shot by Milan Hejduk.
12:20 of 1st period - Goal by Milan Hejduk - Sharks : 1 - Sabres : 1.
12:21 of 1st period - Corey Perry wins face-off versus Derek Roy in neutral zone.
12:27 of 1st period - Corey Perry is hit by Toni Lydman and loses puck.
12:36 of 1st period - Barret Jackman is hit by Johan Franzen and loses puck.
12:45 of 1st period - Shot by Derek Roy.
12:45 of 1st period - Stopped by Rick Dipietro with a rebound.
12:47 of 1st period - Shot by Johan Franzen.
12:47 of 1st period - Shot Misses the Net.
13:00 of 1st period - Minor Penalty to Johan Franzen for Hooking.
13:01 of 1st period - Daniel Briere wins face-off versus Steve Bernier in neutral zone.
13:07 of 1st period - Icing by Mark Streit.
13:08 of 1st period - Steve Bernier wins face-off versus Daniel Briere in Sharks zone.
13:43 of 1st period - Shot by Milan Michalek.
13:43 of 1st period - Stopped by Ryan Miller without a rebound.
13:44 of 1st period - Henrik Zetterberg wins face-off versus Nik Antropov in Sabres zone.
13:44 of 1st period - Henrik Zetterberg is hit by Markus Naslund.
14:01 of 1st period - Off-side.
14:02 of 1st period - Henrik Zetterberg wins face-off versus Steve Bernier in neutral zone.
14:31 of 1st period - Shot by Marc-Edouard Vlasic.
14:31 of 1st period - Stopped by Ryan Miller without a rebound.
14:32 of 1st period - Nik Antropov wins face-off versus Henrik Zetterberg in Sabres zone.
15:08 of 1st period - Sheldon Souray is hit by Johan Franzen and loses puck.
15:43 of 1st period - Off-side.
15:44 of 1st period - Tomas Plekanec wins face-off versus Doug Weight in neutral zone.
15:44 of 1st period - Tomas Plekanec is hit by Doug Weight.
15:49 of 1st period - Minor Penalty to Tomas Plekanec for Hooking.
15:50 of 1st period - Daniel Briere wins face-off versus Jonathan Cheechoo in Sabres zone.
15:57 of 1st period - Shot by Milan Hejduk.
15:57 of 1st period - Stopped by Rick Dipietro with a rebound.
16:01 of 1st period - Shot by Daniel Briere.
16:01 of 1st period - Stopped by Rick Dipietro without a rebound.
16:02 of 1st period - Chris Drury wins face-off versus Steve Bernier in Sharks zone.
16:05 of 1st period - Shot by John-Michael Liles.
16:05 of 1st period - Stopped by Rick Dipietro with a rebound.
16:09 of 1st period - Shot by Thomas Vanek.
16:09 of 1st period - Shot Misses the Net.
16:11 of 1st period - Shot by Chris Drury.
16:11 of 1st period - Stopped by Rick Dipietro without a rebound.
16:12 of 1st period - Corey Perry wins face-off versus Daniel Briere in Sharks zone.
17:03 of 1st period - Icing by Nathan Horton.
17:04 of 1st period - Chris Drury wins face-off versus Corey Perry in Sabres zone.
17:44 of 1st period - Icing by Chris Drury.
17:45 of 1st period - Corey Perry wins face-off versus Thomas Vanek in Sabres zone.
17:59 of 1st period - Minor Penalty to Johan Franzen for Hooking.
18:00 of 1st period - Daniel Briere wins face-off versus Jonathan Cheechoo in Sharks zone.
18:50 of 1st period - Icing by Barret Jackman.
18:51 of 1st period - Henrik Zetterberg wins face-off versus Nik Antropov in Sharks zone.
18:56 of 1st period - Shot by Daniel Briere.
18:56 of 1st period - Shot Misses the Net.
19:49 of 1st period - Shot by Marc-Edouard Vlasic.
19:49 of 1st period - Shot Misses the Net.

Period #2

0:01 of 2nd period - Corey Perry wins face-off versus Milan Hejduk in neutral zone.
0:05 of 2nd period - Mark Streit is hit by Milan Hejduk.
0:20 of 2nd period - Daniel Briere is hit by Marc-Edouard Vlasic and loses puck.
0:34 of 2nd period - Minor Penalty to Marc-Edouard Vlasic for Cross-checking.
0:35 of 2nd period - Chris Drury wins face-off versus Tomas Plekanec in Sharks zone.
0:38 of 2nd period - Shot by Chris Drury.
0:38 of 2nd period - Shot Blocked by Mark Streit.
0:42 of 2nd period - Shot by John-Michael Liles.
0:42 of 2nd period - Shot Blocked by Ville Peltonen.
1:18 of 2nd period - Shot by Chris Drury.
1:18 of 2nd period - Goal by Chris Drury - Sharks : 1 - Sabres : 2.
1:19 of 2nd period - Derek Roy wins face-off versus Milan Michalek in neutral zone.
3:20 of 2nd period - Shot by Daniel Briere.
3:20 of 2nd period - Stopped by Rick Dipietro without a rebound.
3:21 of 2nd period - Ville Peltonen wins face-off versus Nathan Horton in Sharks zone.
3:30 of 2nd period - Icing by Teppo Numminen.
3:31 of 2nd period - Michael Ryder wins face-off versus Tomas Plekanec in Sharks zone.
5:23 of 2nd period - Shot by Jonathan Cheechoo.
5:23 of 2nd period - Stopped by Ryan Miller without a rebound.
5:24 of 2nd period - Derek Roy wins face-off versus Nik Antropov in Sabres zone.
5:33 of 2nd period - Shot by Jochen Hecht.
5:33 of 2nd period - Stopped by Rick Dipietro without a rebound.
5:34 of 2nd period - Tomas Plekanec wins face-off versus Daniel Briere in Sharks zone.
5:34 of 2nd period - Tomas Plekanec is hit by Henrik Zetterberg.
5:54 of 2nd period - Shot by Milan Hejduk.
5:54 of 2nd period - Shot Misses the Net.
6:14 of 2nd period - Milan Michalek is hit by Daniel Briere and loses puck.
6:33 of 2nd period - Shot by Kyle Mclaren.
6:33 of 2nd period - Stopped by Ryan Miller with a rebound.
6:35 of 2nd period - Shot by Kyle Mclaren.
6:35 of 2nd period - Stopped by Ryan Miller without a rebound.
6:36 of 2nd period - Steve Bernier wins face-off versus Derek Roy in Sabres zone.
6:36 of 2nd period - Jonathan Cheechoo is hit by Rob Blake.
6:37 of 2nd period - Minor Penalty to Danny Markov for Boarding.
6:38 of 2nd period - Henrik Zetterberg wins face-off versus Steve Bernier in Sabres zone.
6:48 of 2nd period - Minor Penalty to Daniel Briere for Interference.
6:49 of 2nd period - Chris Drury wins face-off versus Steve Bernier in Sharks zone.
7:00 of 2nd period - Mark Streit is hit by Dmitri Kalinin and loses puck.
7:13 of 2nd period - Off-side.
7:14 of 2nd period - Nik Antropov wins face-off versus Henrik Zetterberg in neutral zone.
7:19 of 2nd period - Shot by Stu Barnes.
7:19 of 2nd period - Shot Misses the Net.
7:21 of 2nd period - Shot by Teppo Numminen.
7:21 of 2nd period - Shot Misses the Net.
7:23 of 2nd period - Shot by Marc-Edouard Vlasic.
7:23 of 2nd period - Deflect By Milan Michalek.
7:23 of 2nd period - Stopped by Ryan Miller without a rebound.
7:24 of 2nd period - Steve Bernier wins face-off versus Chris Drury in Sabres zone.
7:39 of 2nd period - Shot by Stu Barnes.
7:39 of 2nd period - Stopped by Ryan Miller without a rebound.
7:40 of 2nd period - Henrik Zetterberg wins face-off versus Nik Antropov in Sabres zone.
8:13 of 2nd period - Brian Campbell is hit by Jonathan Cheechoo and loses puck.
8:38 of 2nd period - Shot by Milan Michalek.
8:38 of 2nd period - Deflect By Steve Bernier.
8:38 of 2nd period - Shot Blocked by Dmitri Kalinin.
9:20 of 2nd period - Icing by Barret Jackman.
9:21 of 2nd period - Joe Thornton wins face-off versus Doug Weight in Sharks zone.
10:22 of 2nd period - Chris Drury is hit by Barret Jackman and loses puck.
10:42 of 2nd period - Minor Penalty to Jonathan Cheechoo for Tripping.
10:43 of 2nd period - Milan Hejduk wins face-off versus Tomas Plekanec in neutral zone.
11:02 of 2nd period - Milan Hejduk is hit by Kyle Mclaren and loses puck.
11:53 of 2nd period - Shot by John-Michael Liles.
11:53 of 2nd period - Stopped by Rick Dipietro without a rebound.
11:54 of 2nd period - Tomas Plekanec wins face-off versus Daniel Briere in Sharks zone.
11:54 of 2nd period - Tomas Plekanec is hit by Milan Hejduk.
12:08 of 2nd period - Shot by Daniel Briere.
12:08 of 2nd period - Shot Misses the Net.
12:20 of 2nd period - Shot by Henrik Zetterberg.
12:20 of 2nd period - Stopped by Rick Dipietro with a rebound.
12:22 of 2nd period - Shot by Henrik Zetterberg.
12:22 of 2nd period - Stopped by Rick Dipietro without a rebound.
12:23 of 2nd period - Chris Drury wins face-off versus Tomas Plekanec in Sharks zone.
13:44 of 2nd period - Off-side.
13:45 of 2nd period - Nik Antropov wins face-off versus Doug Weight in neutral zone.
13:48 of 2nd period - Shot by Nik Antropov.
13:48 of 2nd period - Shot Misses the Net.
14:02 of 2nd period - Shot by Milan Michalek.
14:02 of 2nd period - Shot Blocked by Rob Blake.
14:06 of 2nd period - Shot by Milan Michalek.
14:06 of 2nd period - Shot Blocked by Rob Blake.
14:08 of 2nd period - Shot by Barret Jackman.
14:08 of 2nd period - Shot Misses the Net.
14:12 of 2nd period - Shot by Stu Barnes.
14:12 of 2nd period - Shot Hit the Post.
14:14 of 2nd period - Shot by Nik Antropov.
14:14 of 2nd period - Stopped by Ryan Miller without a rebound.
14:15 of 2nd period - Steve Bernier wins face-off versus Chris Drury in Sabres zone.
15:37 of 2nd period - Milan Hejduk is hit by Teppo Numminen and loses puck.
16:14 of 2nd period - Off-side.
16:15 of 2nd period - Joe Thornton wins face-off versus Jochen Hecht in neutral zone.
16:52 of 2nd period - Shot by Pavel Datsyuk.
16:52 of 2nd period - Stopped by Ryan Miller without a rebound.
16:53 of 2nd period - Chris Drury wins face-off versus Tomas Plekanec in Sabres zone.
16:58 of 2nd period - Marc-Edouard Vlasic is hit by Nathan Horton and loses puck.
17:31 of 2nd period - Shot by Chris Drury.
17:31 of 2nd period - Deflect By Thomas Vanek.
17:31 of 2nd period - Stopped by Rick Dipietro with a rebound.
17:33 of 2nd period - Shot by Nathan Horton.
17:33 of 2nd period - Shot Misses the Net.
17:35 of 2nd period - Shot by Dmitri Kalinin.
17:35 of 2nd period - Shot Misses the Net.
17:51 of 2nd period - Rob Blake is hit by Ville Peltonen.
17:57 of 2nd period - Shot by Michael Ryder.
17:57 of 2nd period - Shot Misses the Net.
18:01 of 2nd period - Shot by Michael Ryder.
18:01 of 2nd period - Stopped by Rick Dipietro without a rebound.
18:02 of 2nd period - Nik Antropov wins face-off versus Derek Roy in Sharks zone.
18:21 of 2nd period - Icing by Derek Roy.
18:22 of 2nd period - Derek Roy wins face-off versus Corey Perry in Sabres zone.
18:27 of 2nd period - Shot by Milan Michalek.
18:27 of 2nd period - Shot Misses the Net.
18:48 of 2nd period - Icing by Barret Jackman.
18:49 of 2nd period - Corey Perry wins face-off versus Daniel Briere in Sharks zone.
18:49 of 2nd period - Corey Perry is hit by Daniel Briere.
19:15 of 2nd period - Shot by Corey Perry.
19:15 of 2nd period - Shot Misses the Net.
19:17 of 2nd period - Shot by Teppo Numminen.
19:17 of 2nd period - Stopped by Ryan Miller without a rebound.
19:18 of 2nd period - Chris Drury wins face-off versus Tomas Plekanec in Sabres zone.
19:33 of 2nd period - Shot by Thomas Vanek.
19:33 of 2nd period - Shot Misses the Net.
19:56 of 2nd period - Minor Penalty to Thomas Vanek for Roughing.
19:57 of 2nd period - Daniel Briere wins face-off versus Milan Michalek in neutral zone.

Period #3

0:01 of 3rd period - Daniel Briere wins face-off versus Steve Bernier in neutral zone.
0:11 of 3rd period - Off-side.
0:12 of 3rd period - Daniel Briere wins face-off versus Steve Bernier in neutral zone.
1:11 of 3rd period - Shot by Jonathan Cheechoo.
1:11 of 3rd period - Goal by Jonathan Cheechoo - Sharks : 2 - Sabres : 2.
1:12 of 3rd period - Derek Roy wins face-off versus Nik Antropov in neutral zone.
1:25 of 3rd period - Shot by Derek Roy.
1:25 of 3rd period - Stopped by Rick Dipietro without a rebound.
1:26 of 3rd period - Tomas Plekanec wins face-off versus Chris Drury in Sharks zone.
1:49 of 3rd period - Shot by Thomas Vanek.
1:49 of 3rd period - Shot Misses the Net.
1:51 of 3rd period - Shot by Thomas Vanek.
1:51 of 3rd period - Stopped by Rick Dipietro without a rebound.
1:52 of 3rd period - Daniel Briere wins face-off versus Nik Antropov in Sharks zone.
2:00 of 3rd period - Henrik Zetterberg is hit by Kyle Mclaren and loses puck.
2:56 of 3rd period - Icing by Mark Streit.
2:57 of 3rd period - Chris Drury wins face-off versus Steve Bernier in Sharks zone.
3:36 of 3rd period - Shot by Stu Barnes.
3:36 of 3rd period - Shot Misses the Net.
3:38 of 3rd period - Shot by Barret Jackman.
3:38 of 3rd period - Stopped by Ryan Miller without a rebound.
3:39 of 3rd period - Nik Antropov wins face-off versus Jochen Hecht in Sabres zone.
4:32 of 3rd period - Minor Penalty to Corey Perry for Holding.
4:33 of 3rd period - Tomas Plekanec wins face-off versus Milan Hejduk in Sabres zone.
4:56 of 3rd period - Shot by Rob Blake.
4:56 of 3rd period - Stopped by Rick Dipietro without a rebound.
4:57 of 3rd period - Chris Drury wins face-off versus Jonathan Cheechoo in Sharks zone.
5:35 of 3rd period - Icing by Nathan Horton.
5:36 of 3rd period - Tomas Plekanec wins face-off versus Chris Drury in Sabres zone.
6:29 of 3rd period - Shot by Milan Hejduk.
6:29 of 3rd period - Deflect By Daniel Briere.
6:29 of 3rd period - Stopped by Rick Dipietro without a rebound.
6:30 of 3rd period - Thomas Vanek wins face-off versus Stu Barnes in Sharks zone.
6:42 of 3rd period - Minor Penalty to Nik Antropov for Hooking.
6:43 of 3rd period - Tomas Plekanec wins face-off versus Daniel Briere in Sabres zone.
7:02 of 3rd period - Shot by Daniel Briere.
7:02 of 3rd period - Deflect By Milan Hejduk.
7:02 of 3rd period - Shot Misses the Net.
7:04 of 3rd period - Shot by Milan Hejduk.
7:04 of 3rd period - Shot Misses the Net.
8:30 of 3rd period - Shot by Milan Hejduk.
8:30 of 3rd period - Goal by Milan Hejduk - Sharks : 2 - Sabres : 3.
8:31 of 3rd period - Derek Roy wins face-off versus Nik Antropov in neutral zone.
9:22 of 3rd period - Icing by Marc-Edouard Vlasic.
9:23 of 3rd period - Chris Drury wins face-off versus Steve Bernier in Sharks zone.
9:28 of 3rd period - Shot by Chris Drury.
9:28 of 3rd period - Shot Blocked by Marc-Edouard Vlasic.
9:30 of 3rd period - Shot by Nathan Horton.
9:30 of 3rd period - Shot Misses the Net.
9:32 of 3rd period - Shot by Nathan Horton.
9:32 of 3rd period - Goal by Nathan Horton - Sharks : 2 - Sabres : 4.
9:33 of 3rd period - Doug Weight wins face-off versus Tomas Plekanec in neutral zone.
9:38 of 3rd period - Ville Peltonen is hit by Michael Ryder and loses puck.
9:54 of 3rd period - Brian Campbell is hit by Tomas Plekanec and loses puck.
10:07 of 3rd period - Shot by Michael Ryder.
10:07 of 3rd period - Stopped by Rick Dipietro without a rebound.
10:08 of 3rd period - Nik Antropov wins face-off versus Chris Drury in Sharks zone.
10:08 of 3rd period - Nik Antropov is hit by Nathan Horton.
10:21 of 3rd period - Off-side.
10:22 of 3rd period - Derek Roy wins face-off versus Nik Antropov in neutral zone.
10:27 of 3rd period - Shot by Jochen Hecht.
10:27 of 3rd period - Shot Hit the Post.
10:31 of 3rd period - Shot by Johan Franzen.
10:31 of 3rd period - Deflect By Derek Roy.
10:31 of 3rd period - Stopped by Rick Dipietro without a rebound.
10:32 of 3rd period - Nik Antropov wins face-off versus Chris Drury in Sharks zone.
11:24 of 3rd period - Icing by Barret Jackman.
11:25 of 3rd period - Tomas Plekanec wins face-off versus Derek Roy in Sharks zone.
11:25 of 3rd period - Tomas Plekanec is hit by Derek Roy.
11:43 of 3rd period - Shot by Johan Franzen.
11:43 of 3rd period - Stopped by Rick Dipietro without a rebound.
11:44 of 3rd period - Daniel Briere wins face-off versus Nik Antropov in Sharks zone.
11:45 of 3rd period - Shot by Milan Hejduk.
11:45 of 3rd period - Stopped by Rick Dipietro without a rebound.
11:46 of 3rd period - Daniel Briere wins face-off versus Nik Antropov in Sharks zone.
11:53 of 3rd period - Shot by Daniel Briere.
11:53 of 3rd period - Stopped by Rick Dipietro with a rebound.
11:58 of 3rd period - Milan Michalek is hit by Rob Blake and loses puck.
12:05 of 3rd period - Shot by Milan Michalek.
12:05 of 3rd period - Shot Misses the Net.
12:07 of 3rd period - Shot by Milan Michalek.
12:07 of 3rd period - Stopped by Ryan Miller without a rebound.
12:08 of 3rd period - Steve Bernier wins face-off versus Derek Roy in Sabres zone.
12:21 of 3rd period - Shot by Jonathan Cheechoo.
12:21 of 3rd period - Shot Misses the Net.
12:23 of 3rd period - Shot by Steve Bernier.
12:23 of 3rd period - Shot Blocked by Johan Franzen.
12:25 of 3rd period - Shot by Mark Streit.
12:25 of 3rd period - Deflect By Jonathan Cheechoo.
12:25 of 3rd period - Stopped by Ryan Miller without a rebound.
12:26 of 3rd period - Chris Drury wins face-off versus Corey Perry in Sabres zone.
12:26 of 3rd period - Chris Drury is hit by Corey Perry.
12:35 of 3rd period - Icing by Barret Jackman.
12:36 of 3rd period - Daniel Briere wins face-off versus Corey Perry in Sharks zone.
13:07 of 3rd period - Milan Hejduk is hit by Milan Michalek and loses puck.
14:00 of 3rd period - Shot by Chris Drury.
14:00 of 3rd period - Deflect By Thomas Vanek.
14:00 of 3rd period - Stopped by Rick Dipietro with a rebound.
14:02 of 3rd period - Shot by Nathan Horton.
14:02 of 3rd period - Goal by Nathan Horton - Sharks : 2 - Sabres : 5.
14:03 of 3rd period - Derek Roy wins face-off versus Nik Antropov in neutral zone.
14:51 of 3rd period - Jochen Hecht is hit by Stu Barnes and loses puck.
15:31 of 3rd period - Shot by Nathan Horton.
15:31 of 3rd period - Stopped by Rick Dipietro with a rebound.
15:33 of 3rd period - Shot by Nathan Horton.
15:33 of 3rd period - Stopped by Rick Dipietro without a rebound.
15:34 of 3rd period - Doug Weight wins face-off versus Tomas Plekanec in Sharks zone.
16:10 of 3rd period - Shot by Doug Weight.
16:10 of 3rd period - Shot Misses the Net.
16:12 of 3rd period - Shot by Paul Gaustad.
16:12 of 3rd period - Stopped by Rick Dipietro without a rebound.
16:13 of 3rd period - Chris Drury wins face-off versus Nik Antropov in Sharks zone.
16:14 of 3rd period - Shot by John-Michael Liles.
16:14 of 3rd period - Shot Blocked by Barret Jackman.
17:05 of 3rd period - Minor Penalty to Mark Streit for High sticking.
17:06 of 3rd period - Tomas Plekanec wins face-off versus Daniel Briere in Sharks zone.
17:44 of 3rd period - Shot by Daniel Briere.
17:44 of 3rd period - Shot Misses the Net.
18:17 of 3rd period - Icing by Dmitri Kalinin.
18:18 of 3rd period - Chris Drury wins face-off versus Steve Bernier in Sabres zone.
19:45 of 3rd period - Shot by Johan Franzen.
19:45 of 3rd period - Stopped by Rick Dipietro without a rebound.
19:46 of 3rd period - Steve Bernier wins face-off versus Doug Weight in Sharks zone.
19:52 of 3rd period - Off-side.
19:53 of 3rd period - Chris Drury wins face-off versus Steve Bernier in neutral zone.


Output by the SimonT Hockey Simulator (STHS) for Stephane Roy -- Original Page W3C XHTML 1.0 Valid